 Dungeon Crawl Stone Soup version 0.21-a0-460-g737a915 (webtiles) character file.

767 tilp the Distorting Demonspawn (level 7, -4/57 HPs)
             Began as a Demonspawn Abyssal Knight on Nov 20, 2017.
             Was a Believer of Lugonu.
             Slain by Menkaure (9 damage)
             ... on level 5 of the Dungeon.
             The game lasted 00:09:12 (3612 turns).

tilp the Distorting Demonspawn (DsAK)               Turns: 3612, Time: 00:09:13

Health: -4/57      AC: 14    Str: 14    XL:     7   Next: 52%
Magic:  12/12      EV:  8    Int: 14    God:    Lugonu [**....]
Gold:   208        SH:  7    Dex: 17    Spells: 6/6 levels left

rFire    . . .     SeeInvis .   J - +4 whip of an ossuary {vamp, rPois Stlth+}
rCold    . . .     Gourm    .   B - +0 shield
rNeg     . . .     Faith    .   D - +0 storm dragon scales
rPois    +         Spirit   .   v - +0 helmet
rElec    +         Reflect  .   q - +0 cloak
rCorr    .         Harm     .   (no gloves)
MR       .....                  (no boots)
Stlth    ..........             (no amulet)
HPRegen  0.19/turn              (no ring)
MPRegen  0.13/turn              (no ring)

@: agile
A: hooves 1, molten scales 1, powered by pain 1, spiny 1
a: Depart the Abyss, Bend Space, Renounce Religion


You were on level 5 of the Dungeon.
You worshipped Lugonu.
Lugonu was pleased with you.
You were not hungry.

You visited 1 branch of the dungeon, and saw 5 of its levels.
You visited the Abyss 1 time.

You collected 208 gold pieces.

Inventory:

Hand Weapons
 a - a +1 mace
 u - a +2 spear of freezing
 w - a +0 hunting sling
 A - a +0 whip of venom
 J - the +4 whip of an ossuary (weapon) {vamp, rPois Stlth+}
   (You found it on level 5 of the Dungeon)

   It inflicts no extra harm, but heals its wielder when it wounds a living foe.
   It protects you from poison.
   It makes you more stealthy.
Missiles
 b - 154 stones (quivered)
 n - 8 needles of paralysis
Armour
 q - a +0 cloak (worn)
 v - a +0 helmet (worn)
 B - a +0 shield (worn)
 D - +0 storm dragon scales (worn)
Jewellery
 f - an uncursed ring of protection from cold {unknown}
Wands
 G - a wand of acid (10)
Scrolls
 e - 4 scrolls of remove curse
 i - 2 scrolls of teleportation {unknown}
 k - 3 scrolls of fog {unknown}
 t - a scroll of noise {unknown}
 y - a scroll of random uselessness {unknown}
 z - 2 scrolls of amnesia {unknown}
 C - a scroll of immolation {unknown}
 F - a scroll of magic mapping {unknown}
Potions
 d - 3 potions of mutation
 g - 5 potions of curing
 h - 2 potions of haste
 j - 2 potions of heal wounds
 m - a potion of degeneration {unknown}
 o - a potion of flight {unknown}
 p - 2 potions of magic
 r - a potion of cancellation {unknown}
 x - 3 potions of lignification
 E - a potion of agility {unknown}
 I - a potion of brilliance {unknown}
Comestibles
 c - 4 bread rations
 H - 2 chunks of flesh


   Skills:
 + Level 5.6 Fighting
 + Level 4.7 Maces & Flails
 - Level 1.8 Armour
 - Level 1.0 Dodging
 + Level 6.7 Invocations


You had 6 spell levels left.
You didn't know any spells.

Dungeon Overview and Level Annotations

Branches:
Dungeon (5/15)             Temple (0/1) D:4

Altars:
Elyvilon
Qazlal
The Shining One

Annotations:
D:5 Menkaure


Innate Abilities, Weirdness & Mutations

You have large cloven feet.
You are partially covered in molten scales. (AC +2)
You sometimes gain a little power by taking damage.
You are partially covered in sharp spines.


Message History

Menkaure calls on the powers of darkness!
Your body is wracked with pain!
Menkaure mumbles drily.
You block Menkaure's attack.
You hit Menkaure.
Menkaure is lightly damaged.
Menkaure is struck by your spines. Menkaure hits you!
You focus on the pain.
You feel agile all of a sudden.
Your shield and storm dragon scales prevent you from hitting Menkaure.
Your kick misses Menkaure.
Menkaure is moderately damaged.
Your shield and storm dragon scales prevent you from hitting Menkaure.
Menkaure is moderately damaged.
Menkaure is struck by your spines. Menkaure hits you!
* * * LOW HITPOINT WARNING * * *
Unknown command.
You closely miss Menkaure. You kick Menkaure, but do no damage.
Menkaure is heavily damaged.
Menkaure hits you!
You die...

#...............#
#...............#
#...............#
#####.####.......#
.................######
###...................#
.##............%......#
.##...................#
.##.............@M....#
.##.#+#######.........#
..#.# #.........# .....
#.........# .....
######.##+# .... ..
.... ... ... .... #..


You could see Menkaure.

Vanquished Creatures
  Sigmund (D:3)
  An ogre (D:4)
  A crimson imp (D:5)
  2 hounds
  An orc priest (D:5)
  An orc wizard (D:3)
  Terence (D:3)
  Natasha (thrice) (D:4)
  3 worker ants (D:4)
  Robin (D:2)
  8 adders
  2 oozes
  An adder skeleton (D:4)
  3 dart slugs
  4 leopard geckos
  9 orcs
  2 ball pythons
  9 bats
  3 giant cockroaches
  17 goblins
  5 hobgoblins
  4 jackals (D:2)
  4 quokkas
  A jackal skeleton (D:4)
  4 kobolds
  5 rats
96 creatures vanquished.

Vanquished Creatures (others)
  A hobgoblin (D:2)
1 creature vanquished.

Grand Total: 97 creatures vanquished

Notes
Turn   | Place    | Note
-------+----------+-------------------------------------------
     0 | Abyss:1  | tilp the Demonspawn Abyssal Knight began the quest for the Orb.
     0 | Abyss:1  | Reached XP level 1. HP: 18/18 MP: 2/2
    44 | Abyss:1  | Noticed a small abomination
    45 | D:1      | Escaped the Abyss
    81 | D:1      | Reached skill level 1 in Dodging
   160 | D:1      | Reached * piety under Lugonu
   226 | D:1      | Gained mutation: You are partially covered in molten scales. (AC +2) [demonic ancestry]
   226 | D:1      | Reached XP level 2. HP: 24/24 MP: 4/4
   269 | D:1      | Reached skill level 3 in Invocations
   900 | D:2      | Gained mutation: You are partially covered in sharp spines. [demonic ancestry]
   900 | D:2      | Reached XP level 3. HP: 27/29 MP: 5/5
  1111 | D:2      | Noticed Robin
  1114 | D:2      | Gained mutation: You have large cloven feet. [demonic ancestry]
  1114 | D:2      | Reached XP level 4. HP: 34/37 MP: 6/6
  1133 | D:2      | Killed Robin
  1136 | D:2      | Reached ** piety under Lugonu
  1159 | D:2      | Reached skill level 4 in Invocations
  1632 | D:3      | Noticed Sigmund
  1646 | D:3      | Killed Sigmund
  1646 | D:3      | Reached skill level 5 in Invocations
  1646 | D:3      | Reached XP level 5. HP: 15/43 MP: 8/8
  1646 | D:3      | Gained mutation: You sometimes gain a little power by taking damage. [demonic ancestry]
  1646 | D:3      | Reached XP level 6. HP: 17/49 MP: 9/9
  2058 | D:3      | Found a glowing golden altar of the Shining One.
  2320 | D:3      | Noticed Terence
  2330 | D:3      | Killed Terence
  2528 | D:4      | Noticed Natasha
  2537 | D:4      | Killed Natasha
  2547 | D:4      | Found a staircase to the Ecumenical Temple.
  2579 | D:4      | Reached skill level 5 in Fighting
  2601 | D:4      | Found a stormy altar of Qazlal.
  2628 | D:4      | Noticed Natasha
  2633 | D:4      | Killed Natasha
  2721 | D:4      | Reached skill level 6 in Invocations
  2721 | D:4      | Reached XP level 7. HP: 33/56 MP: 11/11
  2830 | D:4      | Noticed Natasha
  2836 | D:4      | Killed Natasha
  3265 | D:5      | Entered Level 5 of the Dungeon
  3265 | D:5      | Found a white marble altar of Elyvilon.
  3573 | D:5      | Got a crystal whip
  3586 | D:5      | Identified the +4 whip of an ossuary {vamp, rPois Stlth+} (You found it on level 5 of the Dungeon)
  3604 | D:5      | Noticed Menkaure
  3612 | D:5      | Slain by Menkaure

Vault maps used:
D:1:      tarquinn_simple_flora_water_a, st_stairs_7
D:2:      uniq_robin
D:3:      old_standard_altar, grunt_decor_one_mirror, uniq_terence, uniq_sigmund
D:4:      lemuel_coloured_pillars_altar, minmay_temple_entry_trees, first_bread,
          uniq_natasha
D:5:      kennysheep_mini, basic_altar, uniq_menkaure

Skill      XL: |  1  2  3  4  5  6 |
---------------+-------------------+-----
Dodging        | 1 |  1.0
Maces & Flails | 2 3 4 |  4.7
Invocations    | 3 5 6 |  6.7
Fighting       | 4 5 |  5.6
Armour         | |  1.8

Action                   |  1- 3 |  4- 6 |  7- 9 || total
-------------------------+-------+-------+-------++-------
Melee: Mace              |    94 |   130 |    54 ||   278
       Kick              |       |    27 |    10 ||    37
       Whip              |       |       |     4 ||     4
Invok: Depart the Abyss  |     1 |       |       ||     1
  Use: Scroll            |       |     5 |     3 ||     8
 Stab: Sleeping          |     1 |       |       ||     1
  Eat: Chunk             |     1 |     5 |     3 ||     9
       Fruit             |       |       |     2 ||     2
       Meat ration       |       |       |     1 ||     1
Armor: Leather armour    |     3 |       |       ||     3
       Chain mail        |    85 |    88 |       ||   173
       Storm dragon scal |       |       |    27 ||    27
Dodge: Dodged            |    38 |    34 |     6 ||    78
Block: Shield            |       |    17 |    18 ||    35

Table legend:
 A = Spawn XP
 B = Non-spawn XP
 C = Spawn XP percentage of total XP
 D = Spawn monster count
 E = Non-spawn monster count
 F = Spawn count percentage of total count
 G = Total turns spent on level
                    A         B        C        D         E        F      G
               +---------+---------+-------+---------+---------+-------+---------
         Total |       0 |    1097 |   0.0 |       0 |      97 |   0.0 |  3612
               +---------+---------+-------+---------+---------+-------+---------
           D:1 |       0 |      34 |   0.0 |       0 |      17 |   0.0 |   746
           D:2 |       0 |     127 |   0.0 |       0 |      39 |   0.0 |   796
           D:3 |       0 |     343 |   0.0 |       0 |      15 |   0.0 |   781
           D:4 |       0 |     440 |   0.0 |       0 |      18 |   0.0 |   897
           D:5 |       0 |     153 |   0.0 |       0 |       8 |   0.0 |   347
               +---------+---------+-------+---------+---------+-------+---------
